 Dungeon Crawl Stone Soup version 0.23-a0-359-g9beedce (webtiles) character file.

343 lemonriz the Slasher (level 6, 0/56 HPs)
             Began as a Minotaur Fighter on Oct 23, 2018.
             Succumbed to a gnoll sergeant's poison
             ... on level 3 of the Dungeon.
             The game lasted 00:03:13 (2282 turns).

lemonriz the Slasher (Minotaur Fighter)             Turns: 2282, Time: 00:03:14

Health: 0/56       AC:  7    Str: 21    XL:     6   Next: 31%
Magic:  5/5        EV:  7    Int:  5    God:
Gold:   212        SH: 10    Dex: 11    Spells: 5/5 levels left

rFire    . . .     SeeInvis .   a - +0 long sword
rCold    . . .     Gourm    .   c - +0 shield
rNeg     . . .     Faith    .   b - +0 scale mail
rPois    .         Spirit   .   (helmet restricted)
rElec    .         Reflect  .   (no cloak)
rCorr    .         Harm     .   (no gloves)
MR       .....                  (no boots)
Stlth    ..........             (no amulet)
HPRegen  0.18/turn              (no ring)
MPRegen  0.09/turn              (no ring)

@: lethally poisoned (0 -> -9), very slightly contaminated, invisible
A: retaliatory headbutt, horns 2
a: no special abilities


You were on level 3 of the Dungeon.
You were hungry.

You visited 1 branch of the dungeon, and saw 4 of its levels.

You collected 212 gold pieces.

Inventory:

Hand Weapons
 a - a +0 long sword (weapon)
Armour
 b - a +0 scale mail (worn)
 c - a +0 shield (worn)
Scrolls
 e - 7 scrolls of identify {unknown}
 g - a scroll of fear {unknown}
 h - a scroll of noise {unknown}
 i - 2 scrolls of amnesia {unknown}
 j - 4 scrolls of teleportation {unknown}
 k - a scroll of enchant armour {unknown}
 m - 2 scrolls of remove curse {unknown}
Potions
 d - a potion of might
Comestibles
 f - 5 rations
 n - 2 chunks of flesh


   Skills:
 + Level 5.0 Fighting
 * Level 5.3 Long Blades
 + Level 5.1 Armour
 + Level 5.0 Shields


You had 5 spell levels left.
You didn't know any spells.
Your spell library contained the following spells:

 Spells                   Type           Power        Failure   Level  Hunger
 Magic Dart               Conj           #...         99%         1    ##.....
 Blink                    Tloc           N/A          100%        2    ###....
 Call Imp                 Summ           #.......     100%        2    ###....
 Slow                     Hex            #.......     100%        2    ###....
 Conjure Flame            Conj/Fire      #.......     100%        3    ####...
 Mephitic Cloud           Conj/Pois/Air  #.......     100%        3    ####...


Dungeon Overview and Level Annotations

Branches:
Dungeon (4/15)
 Temple: D:4-7

Altars:
Ru
Uskayaw
Xom


Innate Abilities, Weirdness & Mutations

You reflexively headbutt those who attack you in melee.
You have a pair of horns on your head.


Message History

* * * LOW HITPOINT WARNING * * *
You feel sick.
Okay, then.
* * * LOW HITPOINT WARNING * * *
You feel sick.
You barely miss the gnoll sergeant.
The gnoll sergeant is heavily wounded.
* * * LOW HITPOINT WARNING * * *
You feel sick. You block the gnoll sergeant's attack.
You slash the gnoll sergeant! You headbutt the gnoll sergeant.
You kill the gnoll sergeant!
Your Fighting skill increases to level 5!
Your Shields skill increases to level 5!
* * * LOW HITPOINT WARNING * * *
You feel sick.
* * * LOW HITPOINT WARNING * * *
You feel sick.
* * * LOW HITPOINT WARNING * * *
You feel sick.
You die...

########### #.........#
#.........# #.........#
##############.........##########
.............'..@.>....##<......#
......).....##.........########.#
............'..###+#........<.#.#
............##.###.#.#######..#.#
............##..##.#.#.....#..#.#
...############.##.#.###...#..#.#
...# #..#.#.....#....#.# ...#
##.#.#####.#....#.# ####
#.#.#####.######.#


There were no monsters in sight!

Vanquished Creatures
  A bullfrog (D:3)
  A gnoll sergeant (D:3)
  2 orc priests (D:3)
  An orc wizard (D:3)
  An iguana (D:3)
  3 adders (D:3)
  A worm (D:3)
  3 dart slugs
  2 leopard geckos (D:3)
  7 orcs (D:3)
  2 giant cockroaches
  8 goblins
  4 hobgoblins
  5 jackals
  A quokka (D:2)
  A ball python (D:2)
  7 bats
  3 frilled lizards
  A jackal skeleton (D:4)
  5 kobolds
  8 rats
67 creatures vanquished.

Notes
Turn   | Place    | Note
-------+----------+-------------------------------------------
     0 | D:1      | lemonriz the Minotaur Fighter began the quest for the Orb.
     0 | D:1      | Reached XP level 1. HP: 19/19 MP: 0/0
   220 | D:1      | Reached XP level 2. HP: 27/27 MP: 1/1
   835 | D:2      | Found a shimmering altar of Xom.
   845 | D:2      | Reached XP level 3. HP: 33/33 MP: 2/2
  1244 | D:3      | Reached XP level 4. HP: 6/40 MP: 3/3
  1596 | D:3      | Found a hide-covered altar of Uskayaw.
  1596 | D:3      | Noticed a dagger
  1597 | D:3      | Noticed a hand axe
  1629 | D:3      | Noticed a bullfrog
  1639 | D:3      | Killed a bullfrog
  1639 | D:3      | Reached XP level 5. HP: 34/47 MP: 4/4
  1896 | D:3      | Reached skill level 5 in Long Blades
  1972 | D:3      | Found a sacrificial altar of Ru.
  1980 | D:3      | Reached XP level 6. HP: 48/55 MP: 5/5
  2206 | D:4      | Reached skill level 5 in Armour
  2279 | D:3      | Reached skill level 5 in Fighting
  2279 | D:3      | Reached skill level 5 in Shields
  2281 | D:3      | HP: 1/56 [poisoned by a gnoll sergeant]
  2282 | D:3      | Succumbed to a gnoll sergeant's poison

Vault maps used:
D:1:      matt_arrival_refuge
D:2:      lemuel_crystal_altar
D:3:      lemuel_doored_altar, dancing_weapons_uskayaw
D:4:      old_standard_altar, old_standard_altar

Skill      XL: |  1  2  3  4  5  6 |
---------------+-------------------+-----
Long Blades    | 3 4 5 |  5.3
Armour         | 4 5 |  5.1
Shields        | 4 5 |  5.0
Fighting       | 4 5 |  5.0

Action                   |  1- 3 |  4- 6 || total
-------------------------+-------+-------++-------
Melee: Long sword        |    65 |    80 ||   145
       Headbutt          |    10 |    17 ||    27
  Use: Potion            |       |     2 ||     2
  Eat: Chunk             |     1 |     3 ||     4
Armor: Scale mail        |    26 |    36 ||    62
Dodge: Dodged            |    15 |    22 ||    37
Block: Shield            |    32 |    45 ||    77
       Rpst.: Long sword |     2 |     8 ||    10

Table legend:
 A = Non-vault XP
 B = Vault XP
 C = Vault XP percentage of total XP
 D = Non-vault monster count
 E = Vault monster count
 F = Vault count percentage of total count
                 A         B        C        D         E       F
            +---------+---------+-------+---------+---------+-------
      Total |     490 |       0 |   0.0 |      67 |       0 |   0.0
            +---------+---------+-------+---------+---------+-------
        D:1 |      20 |       0 |   0.0 |      12 |       0 |   0.0
        D:2 |      26 |       0 |   0.0 |      17 |       0 |   0.0
        D:3 |     432 |       0 |   0.0 |      32 |       0 |   0.0
        D:4 |      12 |       0 |   0.0 |       6 |       0 |   0.0
            +---------+---------+-------+---------+---------+-------
